 Dungeon Crawl Stone Soup version 0.21.0-3-g78d12a8 (webtiles) character file.

235 Suckerboh the Covert (level 6, -4/36 HPs)
             Began as a Kobold Assassin on Jan 15, 2018.
             Killed by nerve-wracking pain
             ... invoked by an orc priest
              (6 damage)
             ... on level 3 of the Dungeon.
             The game lasted 00:06:54 (2921 turns).

Suckerboh the Covert (Kobold Assassin)              Turns: 2921, Time: 00:06:55

Health: -4/36      AC:  4    Str:  8    XL:     6   Next: 26%
Magic:  6/6        EV: 16    Int: 15    God:
Gold:   105        SH:  0    Dex: 22    Spells: 5/5 levels left

rFire    . . .     SeeInvis .   a - +2 dagger
rCold    . . .     Gourm    .   (shield restricted)
rNeg     . . .     Faith    .   c - +0 robe
rPois    .         Spirit   .   p - +1 hat
rElec    .         Reflect  .   d - +0 cloak
rCorr    .         Harm     .   (no gloves)
MR       .....                  (no boots)
Stlth    ++++......             (no amulet)
HPRegen  0.12/turn              (no ring)
MPRegen  0.10/turn              (no ring)

@: no status effects
A: small, agile 2, carnivore, clever 1, mutation resistance 1
a: no special abilities


You were on level 3 of the Dungeon.
You were not hungry.

You visited 1 branch of the dungeon, and saw 3 of its levels.

You collected 105 gold pieces.

Inventory:

Hand Weapons
 a - a +2 dagger (weapon)
 b - a +0 blowgun
Missiles
 e - 10 poisoned needles
 f - a curare-tipped needle
Armour
 c - a +0 robe (worn)
 d - a +0 cloak (worn)
 p - a +1 hat (worn)
Jewellery
 m - an uncursed ring of ice {unknown}
Scrolls
 h - a scroll of teleportation {unknown}
 i - a scroll of amnesia {unknown}
 j - a scroll of fog {unknown}
 k - a scroll of magic mapping {unknown}
 l - a scroll of identify {unknown}
 n - a scroll of immolation {unknown}
 q - a scroll of remove curse {unknown}
Potions
 o - a potion of mutation
Comestibles
 g - 5 rations


   Skills:
 - Level 2.5 Fighting
 * Level 5.1 Short Blades
 - Level 2.1 Throwing
 + Level 2.4 Dodging
 * Level 8.0 Stealth


You had 5 spell levels left.
You didn't know any spells.

Dungeon Overview and Level Annotations

Branches:
Dungeon (3/15)

Altars:
Sif Muna


Innate Abilities, Weirdness & Mutations

You are small and have problems with some larger weapons.
You are carnivorous and can eat meat at any time.
You are very agile. (Dex +4)
Your mind is acute. (Int +2)
You are somewhat resistant to further mutation.


Message History

Aim: an orc priest, wielding a club and wearing a chain mail (moderately wounded, poisoned)
You shoot a poisoned needle.
The poisoned needle closely misses the orc priest.
The orc priest invokes the aid of Beogh against you.
Beogh smites you!
Wield which item (- for none, * to show all)? (? for menu, Esc to quit)
a - a +2 dagger (weapon)
The orc priest hits you with a club.
Things that are here:
a whip; a ring mail You hit the orc priest but do no damage.
The orc priest is severely wounded.
The orc priest invokes the aid of Beogh against you.
Pain shoots through your body!
* * * LOW HITPOINT WARNING * * *
You closely miss the orc priest.
The orc priest is severely wounded.
The orc priest invokes the aid of Beogh against you.
Pain shoots through your body!
You die...

.o.(####..######### ###.#
#...o..o...# #.# #.# #.########.#
#.# ### #.# #.# #.# #.# #.. #.#
#.# #(# #.# #.# #.# #.# #.# #.#
#.# .##.####.# #.# #.# #.#
.........# ###o########.# #.#
.##.###### #.@..........# #.#
.#...###### #.#.########.# #.#
...#......# #.#..........# #.#
##...#.##.# #.####..####.# #.#
....##.##.# #.# #..# #.# #..
###....##.#####.####..# #.# ###
#...............).....# #.#
#.#.#####.#####.#####.####.######
..#.# #)# #..........>.......


You could see an orc priest.

Vanquished Creatures
  A hound (D:2)
  A bullfrog skeleton (D:3)
  Natasha (twice) (D:2)
  An orc wizard (D:3)
  2 adders (D:2)
  An ooze (D:1)
  3 worms (D:2)
  A dart slug (D:1)
  3 leopard geckos
  4 orcs (D:3)
  2 ball pythons
  9 bats
  5 giant cockroaches
  4 goblins
  4 hobgoblins
  3 jackals (D:2)
  3 quokkas
  6 frilled lizards
  6 kobolds
  6 rats
67 creatures vanquished.

Notes
Turn   | Place    | Note
-------+----------+-------------------------------------------
     0 | D:1      | Suckerboh the Kobold Assassin began the quest for the Orb.
     0 | D:1      | Reached XP level 1. HP: 12/12 MP: 1/1
   160 | D:1      | Reached XP level 2. HP: 17/17 MP: 2/2
   243 | D:1      | Reached skill level 6 in Stealth
   257 | D:1      | Reached XP level 3. HP: 21/21 MP: 3/3
   957 | D:2      | Found a deep blue altar of Sif Muna.
  1004 | D:2      | Reached XP level 4. HP: 20/26 MP: 4/4
  1226 | D:2      | Reached skill level 7 in Stealth
  1241 | D:2      | Gained mutation: You are agile. (Dex +2) [potion of mutation]
  1241 | D:2      | Gained mutation: Your mind is acute. (Int +2) [potion of mutation]
  1241 | D:2      | Gained mutation: You are somewhat resistant to further mutation. [potion of mutation]
  1241 | D:2      | Gained mutation: You are very agile. (Dex +4) [potion of mutation]
  1264 | D:2      | Reached XP level 5. HP: 11/31 MP: 5/5
  1665 | D:2      | Noticed Natasha
  1685 | D:2      | Killed Natasha
  1880 | D:2      | Noticed Natasha
  1894 | D:2      | Killed Natasha
  2326 | D:3      | Reached XP level 6. HP: 19/36 MP: 6/6
  2554 | D:3      | Reached skill level 5 in Short Blades
  2554 | D:3      | Reached skill level 8 in Stealth
  2921 | D:3      | Killed from afar by an orc priest

Skill      XL: |  1  2  3  4  5  6 |
---------------+-------------------+-----
Stealth        | 6 7 8 |  8.0
Short Blades   | 3 4 5 |  5.1
Dodging        | 2 |  2.4
Fighting       | |  2.5
Throwing       | |  2.1

Action                   |  1- 3 |  4- 6 || total
-------------------------+-------+-------++-------
Melee: Dagger            |    85 |   144 ||   229
 Fire: Blowgun           |       |    36 ||    36
  Use: Potion            |       |     2 ||     2
 Stab: Sleeping          |    13 |     6 ||    19
  Eat: Chunk             |     1 |     6 ||     7
Armor: Robe              |    19 |    32 ||    51
Dodge: Dodged            |    51 |   137 ||   188
